 Dungeon Crawl Stone Soup version 0.17.0-26-gececa24 (webtiles) character file.

5514 Ace the Thaumaturge (level 10, -6/59 HPs)
             Began as a Deep Elf Conjurer on Nov 21, 2015.
             Was an Initiate of Vehumet.
             Mangled by a blink frog (11 damage)
             ... on level 1 of the Lair of Beasts.
             The game lasted 00:38:50 (16015 turns).

Ace the Thaumaturge (Deep Elf Conjurer)            Turns: 16015, Time: 00:38:50

Health: -6/59      AC:  3    Str:  8    XL:     10   Next: 43%
Magic:  15/27      EV: 15    Int: 21    God:    Vehumet [......]
Gold:   320        SH:  0    Dex: 15    Spells: 5 memorised, 16 levels left

rFire  . . .     SeeInvis .     (no weapon)
rCold  . . .     Clarity  .     g - +0 robe
rNeg   . . .     SustAt   .     (no shield)
rPois  .         Gourm    .     K - +0 hat "Nameymme" {+Fly}
rElec  .         Spirit   .     O - +0 cloak
rCorr  .         Warding  .     (no gloves)
rMut   .         Stasis   .     (no boots)
MR     +++..                    (no amulet)
Stlth  ++........               D - ring of protection from magic
                                o - ring of protection from magic

@: extremely resistant to hostile enchantments, unstealthy
A: no striking features
a: Renounce Religion, Evoke Flight


You were on level 1 of the Lair of Beasts.
You worshipped Vehumet.
Vehumet was noncommittal.
You were hungry.

You visited 3 branches of the dungeon, and saw 11 of its levels.
You also visited: Sewer.

You collected 450 gold pieces.
You spent 130 gold pieces at shops.

Inventory:

Armour
 g - a +0 robe (worn)
 v - a +0 buckler
 K - the +0 hat "Nameymme" (worn) {+Fly}
   (You found it on level 9 of the Dungeon)

   It lets you fly.
 O - a +0 cloak (worn)
Jewellery
 o - a ring of protection from magic (left hand)
 D - a ring of protection from magic (right hand)
 I - an uncursed amulet of stasis
Wands
 p - a wand of frost (48)
 J - a wand of flame (25)
 N - a wand of random effects (23)
Scrolls
 j - 5 scrolls of identify
 k - 3 scrolls of enchant weapon
 n - 2 scrolls of amnesia
 q - 2 scrolls of fog
 r - 3 scrolls of blinking
 t - 5 scrolls of teleportation
 y - 6 scrolls of fear {unknown}
 C - 2 scrolls of remove curse {unknown}
 H - 4 scrolls of immolation {unknown}
Potions
 a - 2 potions of haste
 d - a potion of mutation {unknown}
 e - 2 potions of brilliance {unknown}
 h - 4 potions of curing {unknown}
 i - 3 potions of degeneration {unknown}
 l - a potion of heal wounds {unknown}
 m - a potion of cancellation {unknown}
 s - a potion of magic {unknown}
 u - a potion of beneficial mutation {unknown}
 z - a potion of invisibility {unknown}
 B - a potion of poison {unknown}
 E - a potion of flight {unknown}
 M - a potion of might {unknown}
Books
 b - a book of Conjurations

   Spells                             Type                      Level
   a - Magic Dart                     Conjuration                  1
   b - Searing Ray                    Conjuration                  2
   c - Dazzling Spray                 Conjuration/Hexes            3
   d - Fulminant Prism                Conjuration/Hexes            4
   e - Iskenderun's Mystic Blast      Conjuration                  4
   f - Iskenderun's Battlesphere      Conjuration/Charms           5
 A - a book of Battle

   Spells                             Type                      Level
   a - Infusion                       Charms                       1
   b - Shroud of Golubria             Charms/Translocation         2
   c - Song of Slaying                Charms                       2
   d - Spectral Weapon                Hexes/Charms                 3
   e - Regeneration                   Charms/Necromancy            3
Comestibles
 c - 14 bread rations
 f - 6 meat rations
 w - 2 beef jerkies
 x - 16 fruits
 F - a slice of pizza


   Skills:
 - Level 5.1 Fighting
 - Level 6.2 Dodging
 - Level 2.4 Stealth
 + Level 11.6 Spellcasting
 + Level 10.3 Conjurations
 - Level 5.1 Hexes
 - Level 5.1 Charms


You had 16 spell levels left.
You knew the following spells:

 Your Spells              Type           Power        Failure   Level  Hunger
a - Magic Dart            Conj           ####         1%          1    None
b - Searing Ray           Conj           ######       1%          2    None
c - Iskenderun's Mystic   Conj           ######..     1%          4    #......
d - Fulminant Prism       Conj/Hex       #####.....   2%          4    #......
e - Iskenderun's Battles  Conj/Chrm      #####...     8%          5    ####...


Dungeon Overview and Level Annotations

Branches:
Dungeon (9/15)             Temple (1/1) D:6            Lair (1/8) D:8
    Orc: D:9-12

Altars:
Ashenzari
Cheibriados
Dithmenos
Elyvilon
Fedhas
Gozag
Kikubaaqudgha
Makhleb
Nemelex Xobeh
Okawaru
Qazlal
Ru
Sif Muna
Trog
Vehumet
Xom
Yredelemnul
Zin
The Shining One

Shops:
D:5 %   D:8 }


Message History

Confirm with . or Enter, or press ? or * to list all spells.
Aiming: Fulminant Prism
Press: ? - help, Dir - move target cursor You conjure a prism of explosive energy!
The blink frog barely misses you. The blink frog hits you!
Your fulminant prism crackles loudly.
A blink frog comes into view.
Casting: Fulminant Prism
Confirm with . or Enter, or press ? or * to list all spells.
Aiming: Fulminant Prism
Press: ? - help, Dir - move target cursor, f - blink frog
Aim: a blink frog (heavily wounded)
Okay, then.
The blink frog hits you! x2
* * * LOW HITPOINT WARNING * * *
The blink frog hits you!
* * * LOW HITPOINT WARNING * * *
The blink frog blinks!
The blink frog hits you!
You die...

#####
#..F###.#
#.@F...#
#..FF*.#
....#.#F?.#
....?##..F.##
#..... †.$
#..... ...#
#..### .P#
##. ..#


You could see 6 blink frogs.

Vanquished Creatures
  Pikel (D:7)
  Psyche (D:9)
  A blink frog (Lair:1)
  Sigmund (D:2)
  A shadow (D:8)
  The ghost of Holeefuk the Slasher, an amateur HuFi (D:3)
  Menkaure (D:7)
  2 hippogriffs
  3 sky beasts
  A water moccasin (D:6)
  An ice beast (D:8)
  A slave (D:7)
  A black bear (D:8)
  7 ogres
  A phantom (D:8)
  A crocodile (D:8)
  4 centaurs
  4 giant frogs
  2 big kobolds
  6 killer bees
  2 scorpions (D:8)
  2 crimson imps
  2 orc priests
  Crazy Yiuf (D:3)
  2 giant frog skeletons
  Ijyb (D:2)
  7 orc wizards
  An iguana (D:6)
  Natasha (thrice) (D:3)
  A gnoll shaman (D:8)
  5 hounds
  12 worker ants
  A hound zombie (D:7)
  2 hound skeletons
  A worker ant zombie (D:9)
  12 adders
  7 gnolls
  A river rat (D:3)
  2 shadow imps
  2 oozes
  3 worms
  6 giant geckos
  27 orcs
  13 bats
  13 giant cockroaches
  11 hobgoblins
  22 jackals
  37 kobolds
  4 quokkas
  4 ball pythons
  A giant cockroach zombie (D:5)
  15 giant newts
  11 goblins
  A jackal skeleton (D:9)
  A quokka zombie (D:7)
  10 rats
  A fulminant prism (D:9)
  2 fungi (D:8)
290 creatures vanquished.

Vanquished Creatures (others)
  A wizard (D:9)
  35 fulminant prisms
  2 fungi (D:8)
  A plant (D:5)
39 creatures vanquished.

Grand Total: 329 creatures vanquished

Notes
Turn   | Place    | Note
--------------------------------------------------------------
     0 | D:1      | Ace the Deep Elf Conjurer began the quest for the Orb.
     0 | D:1      | Reached XP level 1. HP: 10/10 MP: 6/6
   406 | D:1      | Reached XP level 2. HP: 15/15 MP: 5/8
   869 | D:1      | Learned a level 2 spell: Searing Ray
   980 | D:1      | Reached XP level 3. HP: 19/19 MP: 5/10
  1460 | D:2      | Reached skill level 5 in Conjurations
  1652 | D:2      | Noticed Ijyb
  1660 | D:2      | Killed Ijyb
  1660 | D:2      | Reached XP level 4. HP: 18/24 MP: 3/12
  1743 | D:2      | Noticed Sigmund
  1886 | D:2      | Reached skill level 5 in Spellcasting
  1916 | D:2      | Learned a level 4 spell: Iskenderun's Mystic Blast
  2022 | D:2      | Killed Sigmund
  2022 | D:2      | Reached skill level 6 in Spellcasting
  2022 | D:2      | Reached XP level 5. HP: 9/28 MP: 0/15
  2247 | D:2      | Learned a level 4 spell: Fulminant Prism
  2253 | D:2      | Learned a level 5 spell: Iskenderun's Battlesphere
  2866 | D:2      | Found a sparkling altar of Nemelex Xobeh.
  3305 | D:3      | Noticed Crazy Yiuf
  3312 | D:3      | Killed Crazy Yiuf
  3312 | D:3      | Reached XP level 6. HP: 32/32 MP: 8/17
  3765 | D:3      | Noticed Natasha
  3771 | D:3      | Killed Natasha
  3785 | D:3      | Reached skill level 7 in Spellcasting
  3919 | D:3      | Found a glowing drain.
  3955 | Sewer    | Entered a sewer
  4494 | Sewer    | Reached XP level 7. HP: 18/36 MP: 6/20
  5090 | D:3      | Noticed Natasha
  5090 | D:3      | Killed Natasha
  5100 | D:3      | Noticed Natasha
  5104 | D:3      | Killed Natasha
  5217 | D:3      | Noticed Holeefuk's ghost (amateur HuFi)
  5274 | D:2      | Reached skill level 8 in Spellcasting
  5810 | D:3      | Killed Holeefuk's ghost
  6129 | D:4      | Reached skill level 1 in Charms
  6318 | D:4      | Reached skill level 1 in Hexes
  6362 | D:4      | Reached XP level 8. HP: 33/41 MP: 18/22
  7090 | D:5      | Entered Level 5 of the Dungeon
  8002 | D:5      | Found Wiluu's Food Shop.
  8012 | D:5      | Bought a bread ration for 65 gold pieces
  8012 | D:5      | Bought a bread ration for 65 gold pieces
  8105 | D:5      | Reached skill level 5 in Charms
  9102 | D:6      | Reached skill level 5 in Hexes
  9494 | D:6      | Reached skill level 1 in Fighting
  9918 | D:6      | Found a white marble altar of Elyvilon.
 10040 | D:6      | Reached skill level 5 in Dodging
 10113 | D:6      | Found a staircase to the Ecumenical Temple.
 10134 | Temple   | Entered the Ecumenical Temple
 10486 | D:6      | Reached XP level 9. HP: 19/49 MP: 5/23
 11179 | D:7      | Noticed Menkaure
 11182 | D:7      | Killed Menkaure
 11294 | D:7      | Noticed Pikel
 11307 | D:7      | Killed Pikel
 11307 | D:7      | Reached skill level 5 in Fighting
 12138 | D:8      | Reached skill level 9 in Spellcasting
 12569 | D:8      | Found a burning altar of Makhleb.
 12643 | D:8      | Found a staircase to the Lair.
 12928 | D:8      | Found Soofar's Quality Used Wands.
 13469 | D:8      | Reached skill level 10 in Spellcasting
 14098 | D:9      | Found a deep blue altar of Sif Muna.
 14107 | D:9      | Reached XP level 10. HP: 59/59 MP: 21/26
 14135 | D:9      | Found an iron altar of Okawaru.
 14135 | D:9      | Found a glowing golden altar of the Shining One.
 14136 | D:9      | Found a radiant altar of Vehumet.
 14136 | D:9      | Found a blossoming altar of Fedhas.
 14148 | D:9      | Became a worshipper of Vehumet
 14319 | D:9      | Found a bloodstained altar of Trog.
 14321 | D:9      | Noticed a wizard
 14326 | D:9      | Killed a wizard
 14471 | D:9      | Got a crude hat
 14477 | D:9      | Identified the +0 hat "Nameymme" {+Fly} (You found it on level 9 of the Dungeon)
 14553 | D:9      | Noticed Psyche
 14556 | D:9      | Killed Psyche
 15260 | D:8      | Reached skill level 11 in Spellcasting
 15275 | D:8      | Reached skill level 10 in Conjurations
 16009 | Lair:1   | Entered Level 1 of the Lair of Beasts
 16015 | Lair:1   | Mangled by a blink frog

Action                   |  1- 3 |  4- 6 |  7- 9 | 10-12 || total
-------------------------+-------+-------+-------+-------++-------
Melee: Unarmed           |     1 |     2 |    52 |       ||    55
 Cast: Magic Dart        |    77 |    37 |    57 |     2 ||   173
       Searing Ray       |     2 |    25 |    91 |    21 ||   139
       Iskenderun's Myst |       |     7 |    53 |    10 ||    70
       Fulminant Prism   |       |     4 |    18 |    15 ||    37
Evoke: Wand              |       |     1 |       |       ||     1
  Use: Scroll            |       |       |    10 |       ||    10
  Eat: Chunk             |     2 |     9 |    26 |     5 ||    42
       Meat ration       |       |       |     1 |       ||     1
       Fruit             |       |       |     6 |       ||     6
